Map: Submarine LE

Players

INnoVation - Winner!

  • Race: Terran Terran
  • Spawn Location: 5:00

souL

  • Race: Terran Terran
  • Spawn Location: 11:00

Event: War Chest Team League

VOD

Have the link to the VOD?

Description

Time

  • Played on: July 24, 2020, 12:51 p.m.
  • Length: 9:06
Show
View Real Time Build Order
Export as new Build Order

INnoVation Terran - Winner!

Build Orders: Reaper Expand 

Get SALT Encoding   

  12  0:00  SCV  
  13  0:13  SCV  
  14  0:17  Supply Depot  
  14  0:25  SCV  
  15  0:38  SCV  
  15  0:40  Barracks  
  16  0:43  Refinery  
  16  0:50  SCV  
  17  1:02  SCV  
  18  1:14  SCV  
  19  1:26  Reaper  
  19  1:27  Orbital Command  
  20  1:42  Command Center  
  20  1:53  SCV  
  21  1:55  Supply Depot  
  21  1:58  Marine  
  22  2:05  SCV  
  23  2:09  Factory  
  23  2:16  Refinery  
  23  2:18  SCV  
  23  2:21  Barracks Reactor  
  24  2:30  SCV  
  25  2:42  SCV  
  26  2:52  Hellion  
  26  2:53  Starport  
  26  2:54  Orbital Command  
  26  2:55  SCV  
  26  2:57  Marine x2  
  31  3:06  Supply Depot  
  31  3:07  SCV  
  31  3:10  Orbital Command  
  32  3:15  Marine x2, Factory Tech Lab  
  35  3:20  SCV  
  35  3:31  Starport Tech Lab  
  35  3:32  SCV  
  35  3:33  Cyclone  
  35  3:34  Marine  
  40  3:35  Marine  
  40  3:38  SCV  
  42  3:44  SCV  
  42  3:48  Supply Depot  
  43  3:52  SCV  
  43  3:54  Marine x2  
  46  3:56  Raven, SCV  
  49  4:04  SCV  
  49  4:08  SCV  
  51  4:10  Command Center  
  51  4:16  Marine  
  52  4:18  Marine  
  52  4:21  SCV x2  
  54  4:25  Siege Tank  
  57  4:31  Supply Depot  
  57  4:33  SCV x2  
  59  4:45  Starport Reactor, SCV x2  
  61  4:48  Barracks  
  61  4:50  Barracks  
  61  4:52  Stimpack, Marine  
  59  4:57  SCV x2  
  59  4:58  Refinery  
  59  4:59  Supply Depot, Refinery  
  62  5:07  Engineering Bay  
  62  5:09  Engineering Bay, SCV x2  
  62  5:13  Siege Tank  
  67  5:15  Marine  
  68  5:21  SCV  
  68  5:22  SCV  
  68  5:26  Orbital Command  
  69  5:33  Terran Infantry Weapons Level 1, SCV  
  69  5:34  SCV  
  71  5:36  Starport Reactor, Marine x2  
  71  5:42  Terran Infantry Armor Level 1  
  73  5:43  Marine x3  
  73  5:46  SCV  
  73  5:47  SCV  
  78  5:53  Marine, Siege Tank  
  78  5:54  Marine  
  78  5:55  Supply Depot  
  83  6:02  Marine x3  
  86  6:06  Supply Depot, SCV x2  
  86  6:08  Orbital Command  
  88  6:11  Marine x2  
  88  6:12  Medivac  
  88  6:16  Medivac  
  94  6:20  SCV x2  
  94  6:22  Supply Depot  
  94  6:25  Marine x3  
  98  6:29  Marine x2  
  98  6:32  Combat Shield, SCV x2  
  101  6:33  Siege Tank  
  101  6:37  SCV  
  105  6:42  Supply Depot  
  105  6:44  SCV x2  
  105  6:45  Supply Depot  
  107  6:48  Barracks  
  107  6:50  Barracks  
  107  6:52  Medivac x2  
  111  6:55  SCV  
  111  6:56  SCV x2  
  111  6:57  Supply Depot  
  114  7:02  Marine x2  
  114  7:03  Marine  
  114  7:05  Armory  
  115  7:14  SCV x3  
  114  7:26  SCV x3  
  114  7:28  Marine x2  
  114  7:29  Marine x3  
  118  7:38  Supply Depot, SCV x3  
  118  7:39  Barracks Reactor x2  
  118  7:44  Siege Tank  
  118  7:46  Medivac  
  118  7:50  SCV x3  
  120  7:52  Marine x5  
  117  8:02  SCV x3  
  107  8:06  Refinery x2  
  107  8:10  Marine x2  
  107  8:11  Marine  
  112  8:17  Marine  
  112  8:18  Marine x3  
  114  8:20  Marine  
  115  8:28  Barracks Reactor, Marine x3  
  118  8:34  Sensor Tower  
  118  8:35  Marine x3  
  118  8:36  Marine  
  118  8:38  Marine  
  118  8:39  Command Center  
  118  8:40  Supply Depot  
  126  8:43  Supply Depot  
  126  8:45  Factory  
  126  8:46  Marine x3  
Show
View Real Time Build Order
Export as new Build Order

souL Terran 

Build Orders:  

Get SALT Encoding   

  12  0:00  SCV  
  13  0:13  SCV  
  14  0:17  Supply Depot  
  14  0:25  SCV  
  14  0:27  Refinery  
  15  0:38  SCV  
  16  0:44  Barracks  
  16  0:50  SCV  
  16  0:54  Refinery  
  17  1:03  SCV  
  18  1:15  SCV  
  19  1:31  Factory  
  19  1:32  Orbital Command  
  19  1:34  Reaper  
  20  1:49  Supply Depot  
  20  1:57  SCV  
  21  2:07  Reaper  
  22  2:09  SCV  
  25  2:15  Hellion  
  25  2:22  SCV  
  26  2:28  Command Center  
  26  2:34  SCV  
  29  2:37  Hellion  
  29  2:41  Supply Depot  
  29  2:43  Barracks Tech Lab  
  29  2:47  SCV  
  30  2:54  Starport  
  30  2:59  SCV  
  31  3:09  Cyclone  
  31  3:12  Barracks Reactor, SCV  
  35  3:24  SCV  
  35  3:26  Refinery  
  36  3:33  Starport Tech Lab  
  36  3:36  SCV  
  38  3:41  Siege Tank  
  38  3:42  Orbital Command  
  38  3:48  SCV  
  41  3:49  Marine  
  41  3:50  Marine  
  42  4:01  SCV  
  43  4:03  Supply Depot, Raven  
  43  4:07  Marine x2, SCV  
  48  4:13  SCV  
  49  4:19  SCV  
  49  4:20  Siege Tank  
  52  4:25  SCV  
  52  4:28  Marine  
  53  4:31  SCV  
  53  4:37  Supply Depot, SCV  
  55  4:43  SCV  
  56  4:46  Raven  
  56  4:49  SCV  
  57  4:55  SCV  
  57  4:56  Marine x2  
  57  4:59  Siege Tank  
  63  5:01  SCV  
  63  5:02  Supply Depot  
  63  5:03  Supply Depot  
  64  5:07  SCV  
  64  5:13  SCV  
  66  5:14  Command Center  
  66  5:20  SCV  
  67  5:26  SCV  
  68  5:31  Siege Tank  
  68  5:32  SCV  
  68  5:34  Stimpack  
  68  5:35  Marine  
  73  5:37  Refinery  
  73  5:38  SCV  
  74  5:44  SCV  
  75  5:51  Viking  
  75  5:52  Viking  
  75  5:54  SCV  
  80  5:57  Barracks, SCV  
  80  5:58  Barracks  
  80  6:03  Siege Tank  
  84  6:06  SCV  
  84  6:09  Engineering Bay  
  84  6:10  SCV  
  84  6:11  Engineering Bay  
  86  6:12  Supply Depot  
  86  6:26  Viking x2, SCV x2  
  86  6:31  Marine  
  86  6:32  Supply Depot  
  93  6:38  SCV  
  93  6:39  Terran Infantry Weapons Level 1  
  94  6:41  Terran Infantry Armor Level 1  
  94  6:45  SCV  
  94  6:46  Barracks Reactor x2  
  95  6:49  Marine  
  95  6:52  Supply Depot, SCV  
  95  6:54  Orbital Command  
  97  6:57  SCV  
  97  7:00  Viking  
  100  7:04  Viking  
  100  7:05  SCV  
  102  7:09  SCV  
  102  7:11  Siege Tank  
  103  7:17  SCV  
  103  7:21  SCV  
  103  7:23  SCV  
  103  7:26  Marine x5  
  94  7:40  SCV  
  94  7:43  Siege Tank  
  69  7:44  Marine x5  
  69  7:48  SCV  
  70  8:02  Marine x5  
  69  8:13  Medivac  
  69  8:16  Siege Tank  
  73  8:20  Marine x2  
  73  8:21  Marine  
  73  8:23  Supply Depot  
  73  8:25  Supply Depot  
  73  8:26  Marine  
  77  8:27  Marine  
  77  8:29  Medivac  
  80  8:38  Marine x2  
  80  8:41  Marine  
  82  8:44  Marine  
  82  8:46  Command Center  
  82  8:47  Marine  
Tags
 
Add a new tag
Caveats
  • Supply blocks, unpowered buildings, or Contaminate may cause inaccurate times.
  • Supply counts are checked every 10 seconds.